 Dungeon Crawl Stone Soup version 0.18.1-50-g88ac8fd (webtiles) character file.

1052 Gadfly the Gusty (level 8, 0/43 HPs)
             Began as a Tengu Air Elementalist on Sept 28, 2016.
             Hit by a steel tomahawk thrown by an orc warrior (15 damage)
             ... on level 6 of the Dungeon.
             The game lasted 00:28:01 (6422 turns).

Gadfly the Gusty (Tengu Air Elementalist)           Turns: 6422, Time: 00:28:02

Health: 0/43       AC:  3    Str:  9    XL:     8   Next: 26%
Magic:  5/17       EV: 14    Int: 20    God:
Gold:   150        SH:  0    Dex: 14    Spells: 4 memorised, 7 levels left

rFire  . . .     SeeInvis .     v - +6 quarterstaff
rCold  . . .     Gourm    .     a - +1 robe
rNeg   . . .     Faith    .     (shield currently unavailable)
rPois  +         Spirit   .     (helmet restricted)
rElec  .         Dismiss  .     (no cloak)
rCorr  .         Reflect  .     (no gloves)
SustAt .         Harm     .     (boots unavailable)
MR     +....                    (no amulet)
Stlth  ++........               m - ring of loudness (curse)
                                f - ring of poison resistance

@: very slightly contaminated, somewhat resistant to hostile enchantments,
unstealthy
A: antennae 1, beak, talons 3, camouflage 1, clever 1, magic resistance 1,
evolution 1, able to fly 1
a: Fly


You were on level 6 of the Dungeon.
You were not hungry.

You visited 1 branch of the dungeon, and saw 6 of its levels.

You collected 262 gold pieces.
You spent 112 gold pieces at shops.

Inventory:

Hand Weapons
 v - a +6 quarterstaff (weapon)
Armour
 a - a +1 robe (worn)
Jewellery
 f - a ring of poison resistance (left hand)
 m - a cursed ring of loudness (right hand)
Wands
 e - a wand of iceblast (9/15)
 i - a wand of polymorph (15/24)
 n - a wand of iceblast (10/15)
 o - a wand of acid (7/15)
Scrolls
 g - 3 scrolls of blinking
 h - a scroll of amnesia
 l - a scroll of fear
 q - 2 scrolls of identify
 r - a scroll of recharging
 t - a scroll of remove curse
Potions
 d - a potion of curing
 p - a potion of ambrosia
Books
 b - a book of Air

   Spells                             Type                      Level
   a - Shock                          Conjuration/Air              1
   b - Swiftness                      Charms/Air                   2
   c - Repel Missiles                 Charms/Air                   2
   d - Static Discharge               Conjuration/Air              3
   e - Lightning Bolt                 Conjuration/Air              5
Comestibles
 c - 5 bread rations
 j - 5 meat rations
 k - 2 chunks of flesh
 u - 3 fruits


   Skills:
 + Level 1.0 Fighting
 + Level 3.8 Dodging
 - Level 2.0 Stealth
 + Level 5.4 Spellcasting
 + Level 6.4 Conjurations
 + Level 7.5 Air Magic


You had 7 spell levels left.
You knew the following spells:

 Your Spells              Type           Power        Failure   Level  Hunger
a - Shock                 Conj/Air       ####         1%          1    None
b - Swiftness             Chrm/Air       ###.....     3%          2    None
c - Repel Missiles        Chrm/Air       ###...       3%          2    None
d - Lightning Bolt        Conj/Air       ####......   21%         5    #####..


Dungeon Overview and Level Annotations

Branches:
Dungeon (6/15)
 Temple: D:4-7

Altars:
Zin

Shops:
D:5 (

Annotations:
D:4 tboli's ghost, amateur DsMo
D:5 Uoro's ghost, novice HOFi


Innate Abilities, Weirdness & Mutations

You have a beak for a mouth.
You have claws for feet.
You can fly.
You have a pair of small antennae on your head.
Your skin changes colour to match your surroundings (Stealth).
Your mind is acute. (Int +2)
You are resistant to hostile enchantments.
You evolve.


Message History

Aiming: Lightning Bolt
Press: ? - help, Shift-Dir - straight line, f/p - orc priest
Aim: an orc priest, wielding a club and wearing a chain mail You miscast Lightning Bolt.
You feel a strange surge of energy!
Casting: Lightning Bolt
Confirm with . or Enter, or press ? or * to list all spells.
You don't have enough magic to cast that spell.
Unknown command.
Casting: Lightning Bolt
Confirm with . or Enter, or press ? or * to list all spells.
You don't have enough magic to cast that spell.
The orc priest looks braver for a moment.
The orc warrior throws a steel tomahawk.
The steel tomahawk barely misses you.
The orc priest invokes the aid of Beogh against you.
Beogh smites you!
You see here a steel tomahawk.
The orc warrior throws a steel tomahawk.
The steel tomahawk hits you!
You die...

#########
#.......#
#.#####.##
#.##....(#####.##
#.##.##.o(.o.oo..
#.##.##(######.#.
#.......#
#.##.##.#
#.##.##@#
#.##.##.#
#.##.##.#
#......)#
####.#### #.# #..


You could see an orc warrior.

Vanquished Creatures
  Duvessa (D:5)
  3 phantoms
  Dowan (D:5)
  A crimson imp (D:5)
  5 orc priests
  2 hounds
  3 orc wizards
  2 worker ants (D:4)
  A hound zombie (D:5)
  Robin (D:3)
  9 adders
  2 oozes
  An adder zombie (D:6)
  2 adder skeletons (D:4)
  2 dart slugs
  11 giant geckos
  18 orcs
  5 giant cockroaches
  19 goblins
  10 hobgoblins
  7 jackals (D:1)
  8 bats
  5 giant newts
  4 kobolds
  10 rats
133 creatures vanquished.

Notes
Turn   | Place    | Note
--------------------------------------------------------------
     0 | D:1      | Gadfly the Tengu Air Elementalist began the quest for the Orb.
     0 | D:1      | Reached XP level 1. HP: 10/10 MP: 4/4
   208 | D:1      | Reached XP level 2. HP: 7/15 MP: 1/6
   657 | D:1      | Learned a level 2 spell: Swiftness
   660 | D:1      | Learned a level 2 spell: Repel Missiles
   710 | D:1      | Reached XP level 3. HP: 6/19 MP: 0/7
  1564 | D:2      | Gained mutation: Your mind is acute. (Int +2) [potion of mutation]
  1564 | D:2      | Gained mutation: You have a pair of small antennae on your head. [potion of mutation]
  1565 | D:2      | Gained mutation: You evolve. [potion of mutation]
  1565 | D:2      | Gained mutation: Your skin changes colour to match your surroundings (Stealth). [potion of mutation]
  1565 | D:2      | Gained mutation: You are resistant to hostile enchantments. [potion of mutation]
  1713 | D:2      | Reached skill level 5 in Air Magic
  1814 | D:2      | Reached XP level 4. HP: 24/24 MP: 4/9
  2601 | D:3      | Noticed Robin
  2818 | D:3      | Gained mutation: You can fly. [Tengu growth]
  2818 | D:3      | Reached XP level 5. HP: 28/28 MP: 6/10
  3043 | D:3      | Killed Robin
  3125 | D:3      | Learned a level 5 spell: Lightning Bolt
  3621 | D:4      | Noticed tboli's ghost (amateur DsMo)
  3800 | D:4      | Reached XP level 6. HP: 32/32 MP: 7/12
  3990 | D:4      | Noticed a phantom
  3999 | D:4      | Killed a phantom
  3999 | D:4      | Reached skill level 6 in Air Magic
  4524 | D:4      | Found a glowing silver altar of Zin.
  4820 | D:4      | Reached XP level 7. HP: 37/37 MP: 8/14
  5292 | D:4      | Reached skill level 5 in Conjurations
  5358 | D:5      | Entered Level 5 of the Dungeon
  5403 | D:5      | Noticed Duvessa
  5403 | D:5      | Noticed Dowan
  5412 | D:5      | Killed Duvessa
  5631 | D:5      | Reached skill level 7 in Air Magic
  5785 | D:5      | Reached skill level 5 in Spellcasting
  5795 | D:5      | Found Quleupoh's Antique Weapon Boutique.
  5907 | D:5      | Reached XP level 8. HP: 38/42 MP: 9/16
  5921 | D:5      | Killed Dowan
  6003 | D:5      | Noticed Uoro's ghost (novice HOFi)
  6009 | D:5      | Bought a runed quarterstaff for 112 gold pieces
  6247 | D:5      | Reached skill level 1 in Fighting
  6422 | D:6      | Hit by a steel tomahawk thrown by an orc warrior

Skill      XL: |  1  2  3  4  5  6  7  8 |
---------------+-------------------------+-----
Conjurations   | 2 3 4 5 6 |  6.4
Air Magic      | 5 6 7 |  7.5
Spellcasting   | 3 4 5 |  5.4
Dodging        | 3 |  3.8
Fighting       | 1 |  1.0
Stealth        | |  2.0

Action                   |  1- 3 |  4- 6 |  7- 9 || total
-------------------------+-------+-------+-------++-------
Melee: Short sword       |     7 |       |       ||     7
       Kick              |     5 |     2 |     1 ||     8
       Spear             |    17 |     5 |       ||    22
       Peck              |     3 |     2 |       ||     5
       Dagger            |       |     7 |       ||     7
       Quarterstaff      |       |       |     5 ||     5
 Cast: Shock             |    54 |   142 |    94 ||   290
  Use: Potion            |     5 |     3 |       ||     8
       Scroll            |     4 |     6 |       ||    10
  Eat: Chunk             |     3 |    10 |     5 ||    18
Armor: Robe              |    13 |    12 |    11 ||    36
Dodge: Dodged            |    33 |    37 |    16 ||    86
